 Dungeon Sprint DCSS version 0.30.1-9-gdf580d7c3d (webtiles) character file.

Game seed: 7082092465228223895

46 Groucho the Grasshopper (level 3, 0/28 HPs)
             Began as a Spriggan Warper on Oct 18, 2023.
             Slain by a black bear (3 damage)
             ... in the Dungeon (Sprint IX: "|||||||||||||||||||||||||||||").
             The game lasted 00:00:40 (295 turns).

Groucho the Grasshopper (Spriggan Warper)            Turns: 295, Time: 00:00:41

Health: 0/28       AC:  2    Str:  9    XL:     3   Next: 44%
Magic:  5/9        EV: 18    Int: 14    God:
Gold:   0          SH:  0    Dex: 14    Spells: 10/10 levels left

rFire   . . .        a - +0 short sword
rCold   . . .        (no shield)
rNeg    . . .        b - +0 robe
rPois   .            (helmet restricted)
rElec   .            (no cloak)
rCorr   .            (gloves unavailable)
SInv    +            (boots unavailable)
Will    .....        (no amulet) Stlth
                     (no ring)
HPRegen 0.24/turn    (no ring)
MPRegen 0.11/turn

%: no teleportation
@: berserking (expiring), very quick
A: very small, no large weapons, unfitting armour, see invisible, speed 3
a: no special abilities


You were in the Dungeon.
You visited 1 branch

Inventory:

Hand Weapons
 a - a +0 short sword (weapon)
Missiles
 d - 7 boomerangs of dispersal (quivered)
Armour
 b - a +0 robe (worn)
Scrolls
 c - 2 scrolls of blinking
Potions
 e - a potion of curing
 g - a potion of haste
 h - 2 potions of magic


   Skills:
 + Level 2.5 Fighting
 + Level 3.5 Short Blades
 - Level 1.0 Throwing
 + Level 4.6 Dodging
 * Level 5.5 Stealth
 + Level 4.1 Spellcasting
 + Level 5.7 Translocations


You had 10 spell levels left.
You didn't know any spells.
Your spell library contained the following spells:

 Spells                   Type           Power      Damage    Failure   Level
 Blink                    Tloc           36%        N/A       2%          2
 Lesser Beckoning         Tloc           36%        N/A       2%          2
 Teleport Other           Tloc           18%        N/A       5%          3
 Vhi's Electric Charge    Tloc/Air       20%        N/A       19%         3
 Manifold Assault         Tloc           18%        N/A       19%         4


Dungeon Overview and Level Annotations

Branches:
Dungeon (1/1)

Altars:


Innate Abilities, Weirdness & Mutations

You are very small and have problems with some larger weapons.
You are too small for most types of armour.
You have supernaturally acute eyesight. (SInv)
You cover ground extremely quickly. (Speed+++)


Message History

You hit the black bear.
The black bear is lightly wounded.
You closely miss the black bear.
The black bear is lightly wounded.
The black bear bites you. The black bear closely misses you.
The black bear barely misses you.
Unknown command.
You are too injured to fight recklessly!
You are too injured to fight recklessly!
Unknown command.
You are too injured to fight recklessly!
Unknown command.
You are too injured to fight recklessly!
Unknown command.
You are too injured to fight recklessly!
Unknown command.
You are too injured to fight recklessly!
You hit the black bear.
The black bear is moderately wounded.
The black bear misses you. x2; The black bear claws you.
* * * LOW HITPOINT WARNING * * *
You barely miss the black bear.
The black bear is moderately wounded.
You puncture the black bear!
The black bear is severely wounded.
The black bear goes berserk!
You closely miss the black bear.
The black bear is severely wounded.
The black bear completely misses you. x3
You barely miss the black bear.
The black bear is severely wounded.
You hit the black bear.
The black bear is almost dead.
The black bear misses you. The black bear barely misses you.
The black bear claws you.
* * * LOW HITPOINT WARNING * * *
You closely miss the black bear.
The black bear is almost dead.
The black bear misses you. The black bear claws you.
You die...

▓.▓
▓.▓
▓'▓
▓.▓
▓.▓
▓.▓
▓.▓
▓.▓
▓@▓
▓h▓
▓O▓
▓g▓
▓.▓
▓.▓
▓+▓


You could see a black bear (berserk), an ogre and a gnoll.

Vanquished Creatures
  A hound (D)
  An adder (D)
  A ball python (D)
  2 endoplasms (D)
  A giant cockroach (D)
  A hobgoblin (D)
7 creatures vanquished.

Notes
Turn   | Place    | Note
-------+----------+-------------------------------------------
     0 | D        | Groucho the Spriggan Warper began the quest for the Orb.
     0 | D        | Reached XP level 1. HP: 10/10 MP: 5/5
     6 | D        | Reached skill level 1 in Stealth
   271 | D        | Noticed a hound
   271 | D        | Noticed a black bear
   271 | D        | Noticed an ogre
   283 | D        | Reached skill level 5 in Translocations
   283 | D        | Reached XP level 2. HP: 15/15 MP: 5/7
   287 | D        | Reached skill level 5 in Stealth
   287 | D        | Reached XP level 3. HP: 16/19 MP: 5/9
   295 | D        | Slain by a black bear

Illustrated notes

Levels and vault maps discovered:
D:        linesprint [early_d, line_temple, items_1, d_10, items_2, lair_1,
          lair_end, items_3, orc_1, orc_end, items_4, d_15, swamp_1, shoals_1,
          snake_1, spider_1, d_20, vaults_1, items_5, swamp_end, shoals_end,
          snake_end, spider_end, vaults_end, d_27, items_6, zot_1, zot_end,
          crypt_end, forest_end, elf_end, slime_end, tomb_end, abyss_end,
          pan_hell_end]

Skill      XL: |  1  2 |
---------------+-------+-----
Stealth        | 3 5 |  5.5
Spellcasting   | 3 4 |  4.1
Fighting       | 2 |  2.5
Dodging        | 4 |  4.6
Translocations | 5 |  5.7
Short Blades   | 3 |  3.5
Throwing       | |  1.0

Action                     || total
---------------------------++-------
  Melee: Short sword       ||    46
    Use: Potion            ||     2
   Stab: Sleeping          ||     1
 Armour: Robe              ||     4
  Dodge: Dodged            ||    37
